 Dungeon Crawl Stone Soup version 0.26.0-57-g60708a5e39 (webtiles) character file.

Game seed: 10219230655172036142

191 Qrupt the Skirmisher (level 5, -2/34 HPs)
             Began as a Gargoyle Monk on Feb 1, 2021.
             Slain by Crazy Yiuf
             ... wielding a +3 quarterstaff of chaos
              (10 damage)
             ... on level 2 of the Dungeon.
             The game lasted 00:04:14 (2851 turns).

Qrupt the Skirmisher (Gargoyle Monk)                Turns: 2851, Time: 00:04:15

Health: -2/34      AC:  8    Str: 15    XL:     5   Next: 70%
Magic:  1/5        EV: 12    Int: 11    God:
Gold:   73         SH:  0    Dex: 12    Spells: 4/4 levels left

rFire    . . .     SeeInvis .   a - +0 mace
rCold    . . .     Faith    .   (no shield)
rNeg     + . .     Spirit   .   o - +0 leather armour (curse)
rPois    ∞         Reflect  .   (no helmet)
rElec    +         Harm     .   e - +0 cloak
rCorr    .         Rampage  .   (no gloves)
Will     .....     Rnd*Tele +   (no boots)
Stlth    ++........             (no amulet)
HPRegen  0.11/turn              i - ring of teleportation (curse)
MPRegen  0.09/turn              (no ring)

@: slowed, very slow
A: negative energy resistance 1, electricity resistance, unbreathing,
petrification resistance, miasma immunity, AC +4
a: no special abilities


You were on level 2 of the Dungeon.
You visited 1 branch of the dungeon, and saw 2 of its levels.

You collected 73 gold pieces.

Inventory:

Hand Weapons
 a - a +0 mace (weapon)
Armour
 b - a +0 robe
 e - a +0 cloak (worn)
 o - a cursed +0 leather armour (worn)
Jewellery
 i - a cursed ring of teleportation (left hand)
 m - an uncursed ring of protection from fire {unknown}
Wands
 r - a wand of polymorph (1)
Scrolls
 f - a scroll of fog
 g - a scroll of amnesia
 j - a scroll of remove curse
 l - a scroll of enchant weapon {unknown}
 p - a scroll of blinking {unknown}
 q - a scroll of enchant armour {unknown}
 t - a scroll of teleportation {unknown}
Potions
 c - 2 potions of flight
 h - 2 potions of degeneration
 k - a potion of mutation
 n - a potion of resistance {unknown}
 s - 2 potions of heal wounds {unknown}
 u - a potion of brilliance {unknown}


   Skills:
 + Level 4.7 Fighting
 + Level 4.3 Maces & Flails
 + Level 3.1 Armour
 - Level 2.4 Dodging
 - Level 2.1 Stealth


You had 4 spell levels left.
You didn't know any spells.
Your spell library was empty.

Dungeon Overview and Level Annotations

Branches:
Dungeon (2/15)

Altars:

Annotations:
D:2 Crazy Yiuf


Innate Abilities, Weirdness & Mutations

You are resistant to torment.
Your stone body is resilient. (AC +4)
You are immune to poison.
You resist negative energy. (rN+)
You are resistant to electric shocks. (rElec)
You can survive without breathing.
You are immune to petrification.
You are immune to miasma.


Message History

Crazy Yiuf hits you with a +3 quarterstaff of chaos!
You feel your power leaking away.
You closely miss Crazy Yiuf.
Crazy Yiuf is almost dead.
Crazy Yiuf closely misses you.
Crazy Yiuf hits you with a +3 quarterstaff of chaos.
* * * LOW HITPOINT WARNING * * *
You barely miss Crazy Yiuf.
Crazy Yiuf is almost dead.
Crazy Yiuf closely misses you.
You completely miss Crazy Yiuf.
Crazy Yiuf is almost dead.
Crazy Yiuf closely misses you.
Crazy Yiuf hits you with a +3 quarterstaff of chaos.
* * * LOW HITPOINT WARNING * * *
You hit Crazy Yiuf but do no damage.
Crazy Yiuf is almost dead.
Crazy Yiuf closely misses you.
Crazy Yiuf hits you with a +3 quarterstaff of chaos!
You die...

#########.# #.#
#†.#..#
#.........# #.#
#..#..'
#.#####.### #.#
####### #.# ###
### #.# #.# #.#
##.####### #.#
#..+...#.### ###
#.#
#.....÷.#..##...#
#.#
#......####@g...#
#.# ##.+..##
###..)# #.#
###### ### #.#
#.# #.# ### #.#
#.# #.. #.# ###
#.#


You could see Crazy Yiuf.

Vanquished Creatures
  Terence (D:2)
  Robin (D:2)
  8 adders (D:2)
  4 worms (D:2)
  3 dart slugs
  2 leopard geckos (D:2)
  A giant cockroach (D:2)
  12 goblins
  4 hobgoblins
  2 jackals (D:2)
  6 kobolds
  7 ball pythons
  5 bats
  4 frilled lizards
  8 rats
68 creatures vanquished.

Notes
Turn   | Place    | Note
-------+----------+-------------------------------------------
     0 | D:1      | Qrupt the Gargoyle Monk began the quest for the Orb.
     0 | D:1      | Reached XP level 1. HP: 14/14 MP: 1/1
   300 | D:1      | Reached XP level 2. HP: 17/19 MP: 2/2
   347 | D:1      | Reached skill level 1 in Armour
   915 | D:2      | Noticed Terence
   927 | D:2      | Reached XP level 3. HP: 10/24 MP: 3/3
   937 | D:2      | HP: 1/24 [Terence/+0 flail (7)]
   946 | D:2      | Killed Terence
   947 | D:2      | Reached XP level 4. HP: 7/29 MP: 4/4
  1440 | D:2      | Noticed Robin
  1797 | D:2      | Killed Robin
  1798 | D:2      | Reached XP level 5. HP: 23/34 MP: 5/5
  2554 | D:2      | Found a runed translucent door.
  2555 | D:2      | Noticed Crazy Yiuf
  2851 | D:2      | Slain by Crazy Yiuf

Illustrated notes

Levels and vault maps discovered:
D:1:      dpeg_arrival_round_a, layout_loops_ring
D:2:      layout_loops_ring, minmay_snake_closets, uniq_crazy_yiuf_cottage,
          uniq_robin, uniq_terence

Skill      XL: |  1  2  3  4  5 |
---------------+----------------+-----
Armour         | 1 2 3 |  3.1
Fighting       | 4 |  4.7
Maces & Flails | 4 |  4.3
Dodging        | |  2.4
Stealth        | |  2.1

Action                   |  1- 3 |  4- 6 || total
-------------------------+-------+-------++-------
Melee: Mace              |    64 |   183 ||   247
       Unarmed           |       |    17 ||    17
  Use: Potion            |     3 |       ||     3
       Scroll            |       |     6 ||     6
 Stab: Sleeping          |     5 |     2 ||     7
Armor: Robe              |     7 |       ||     7
       Leather armour    |    13 |    81 ||    94
       Skin              |       |     1 ||     1
Dodge: Dodged            |    33 |   179 ||   212
